 Dungeon Crawl Stone Soup version 0.28.0-53-g5a82cb258f (webtiles) character file.

Game seed: 8409278176570664318

4564 PyroL the Arsonist (level 10, -7/69 HPs)
             Began as a Green Draconian Fire Elementalist on June 17, 2022.
             Was an Initiate of Vehumet.
             Mangled by a komodo dragon (19 damage)
             ... on level 9 of the Dungeon.
             The game lasted 00:29:32 (12505 turns).

PyroL the Arsonist (DrFE)                          Turns: 12505, Time: 00:29:33

Health: -7/69      AC: 12    Str: 11    XL:     10   Next: 18%
Magic:  31/31      EV: 12    Int: 20    God:    Vehumet [......]
Gold:   501        SH:  0    Dex: 11    Spells: 17/25 levels left

rFire   . . .      SeeInvis .   s - +3 trident (freeze)
rCold   . . .      Faith    .   (no shield)
rNeg    . . .      Spirit   .   (armour unavailable)
rPois   +          Reflect  .   (helmet restricted)
rElec   .          Harm     .   (no cloak)
rCorr   .          Rampage  .   t - +0 pair of gloves
Will    .....                   (no boots)
Stlth   ++........              (no amulet)
HPRegen 0.21/turn               w - ring of magical power
MPRegen 0.22/turn               r - +4 ring of protection

@: no status effects
A: breathe noxious fumes, AC +7, unfitting armour, poison resistance,
cold-blooded
a: Breathe Noxious Fumes, Renounce Religion


You were on level 9 of the Dungeon.
You worshipped Vehumet.
Vehumet was noncommittal.
You visited 2 branches of the dungeon, and saw 10 of its levels.

You collected 501 gold pieces.

Inventory:

Hand Weapons
 s - a +3 trident of freezing (weapon)
Armour
 t - a +0 pair of gloves (worn)
Jewellery
 k - a ring of ice
 r - a +4 ring of protection (right hand)
 u - a +6 ring of dexterity
 w - a ring of magical power (left hand)
 F - a ring of protection from cold
Wands
 q - a wand of charming (9)
 y - a wand of polymorph (10)
Scrolls
 a - a scroll of immolation
 d - a scroll of noise {unknown}
 f - 5 scrolls of teleportation
 g - a scroll of fear {unknown}
 j - a scroll of amnesia
 x - a scroll of enchant armour
 C - a scroll of acquirement {unknown}
 D - a scroll of blinking {unknown}
 E - 4 scrolls of identify
Potions
 b - a potion of haste
 c - 3 potions of flight
 e - a potion of heal wounds
 h - 2 potions of magic
 i - 4 potions of curing
 l - 4 potions of brilliance
 m - a potion of degeneration {unknown}
 n - a potion of invisibility
 o - 2 potions of attraction
 p - a potion of lignification {unknown}
 v - 2 potions of mutation {unknown}
 z - a potion of cancellation {unknown}
 A - a potion of resistance
 B - a potion of might {unknown}


   Skills:
 - Level 1.7 Dodging
 - Level 1.7 Stealth
 + Level 8.3 Spellcasting
 + Level 2.9 Conjurations
 - Level 12.0 Fire Magic
 - Level 1.1 Poison Magic


You had 17 spell levels left.
You knew the following spells:

 Your Spells              Type           Power      Damage    Failure   Level
a - Foxfire               Conj/Fire      100%       2x1d9     1%          1
b - Scorch                Fire           100%       2d10      1%          2
c - Inner Flame           Hex/Fire       32%        N/A       1%          3
d - Poisonous Vapours     Pois/Air       20%        N/A       10%         2

Your spell library contained the following spells:

 Spells                   Type           Power      Damage    Failure   Level
 Conjure Flame            Conj/Fire      38%        6-21      1%          3
 Flame Wave               Conj/Fire      38%        2d9       3%          4
 Static Discharge         Conj/Air       14%        N/A       7%          2
 Sublimation of Blood     Necr           8%         N/A       12%         2
 Petrify                  Tmut/Erth      8%         N/A       63%         4
 Irradiate                Conj/Tmut      7%         3d15      77%         5
 Silence                  Hex/Air        4%         N/A       92%         5


Dungeon Overview and Level Annotations

Branches:
Dungeon (9/15)             Temple (1/1) D:4            Lair (0/6) D:9
    Orc: D:9-12

Altars:
Ashenzari
Dithmenos
Gozag
Kikubaaqudgha
Okawaru
Ru
Sif Muna
Vehumet
Xom

Shops:
D:5 *   D:7 [(*   D:9 *


Innate Abilities, Weirdness & Mutations

You can breathe blasts of noxious fumes.
Your lurid green scales are hard. (AC +7)
You cannot fit into any form of body armour.
Your system is resistant to poisons. (rPois)
You are cold-blooded and may be slowed by cold attacks.


Message History

The komodo dragon is lightly wounded.
The foxfire hits the komodo dragon.
The komodo dragon is lightly wounded.
You conjure some foxfire!
The foxfire hits the komodo dragon.
The komodo dragon is moderately wounded.
The foxfire hits the komodo dragon.
The komodo dragon is moderately wounded.
The foxfire hits the komodo dragon.
The komodo dragon is moderately wounded.
The foxfire hits the komodo dragon.
The komodo dragon is heavily wounded.
You hit the komodo dragon. You freeze the komodo dragon.
You tail-slap the komodo dragon.
The komodo dragon is severely wounded.
The komodo dragon bites you!
You barely miss the komodo dragon.
You punch the komodo dragon, but do no damage.
The komodo dragon is severely wounded.
The komodo dragon bites you.
You hit the komodo dragon but do no damage.
The komodo dragon is severely wounded.
The komodo dragon barely misses you. The komodo dragon closely misses you.
You hit the komodo dragon but do no damage.
The komodo dragon is severely wounded.
The komodo dragon barely misses you.
You hit the komodo dragon but do no damage.
The komodo dragon is severely wounded.
The komodo dragon barely misses you.
You barely miss the komodo dragon.
The komodo dragon is severely wounded.
The komodo dragon bites you! x2
You closely miss the komodo dragon.
The komodo dragon is severely wounded.
The komodo dragon bites you!!
* * * LOW HITPOINT WARNING * * *
You hit the komodo dragon but do no damage.
You tail-slap the komodo dragon.
The komodo dragon is severely wounded.
The komodo dragon bites you!!
You die...

#.....P.##
#..>.....#
#........##
#..P......#
#P........#
#.P.......#
#.....).#.#
#P..l...#.#
##P.@..##.#
##...###.#
##.## #[# #.#
#.# #.####.#
#......#
#####†## #.####
♣♣♣
#####....#♣♣∩♣♣
#


You could see a komodo dragon.

Vanquished Creatures
  A two-headed ogre (D:8)
  2 hornets
  Sigmund (D:3)
  A shadow (D:9)
  A steam dragon (D:6)
  An acid dragon (D:6)
  2 water moccasins
  An ice beast (D:7)
  2 orc warriors (D:9)
  A sky beast (D:7)
  A necrophage (D:8)
  2 black bears
  2 centaurs
  A phantom (D:5)
  2 kobold brigands
  5 bullfrogs
  3 scorpions
  2 water moccasin zombies
  3 killer bees (D:9)
  4 wights (D:8)
  2 howler monkeys
  2 centaur zombies
  4 hounds
  5 orc priests
  3 iguanas
  6 orc wizards
  2 killer bee zombies (D:5)
  A howler monkey skeleton (D:6)
  A howler monkey zombie (D:6)
  6 adders
  An ufetubus (D:5)
  An adder skeleton (D:4)
  2 worms
  3 dart slugs
  26 orcs
  8 ball pythons
  2 bats
  6 endoplasms
  2 giant cockroaches
  7 goblins
  5 hobgoblins
  2 jackals (D:2)
  15 kobolds
  7 quokkas
  3 frilled lizards
  5 rats (D:2)
165 creatures vanquished.

Vanquished Creatures (others)
  194 foxfires
  33 plants (D:9)
227 creatures vanquished.

Grand Total: 392 creatures vanquished

Notes
Turn   | Place    | Note
-------+----------+-------------------------------------------
     0 | D:1      | PyroL the Draconian Fire Elementalist began the quest for
                  | the Orb.
     0 | D:1      | Reached XP level 1. HP: 14/14 MP: 3/3
   297 | D:1      | Reached XP level 2. HP: 20/20 MP: 5/5
   491 | D:1      | Found a faded altar of an unknown god.
  1520 | D:2      | Learned a level 2 spell: Scorch
  1617 | D:2      | Reached XP level 3. HP: 21/26 MP: 1/6
  1806 | D:2      | Reached skill level 4 in Fire Magic
  2758 | D:2      | Reached XP level 4. HP: 31/33 MP: 8/8
  2762 | D:2      | Learned a level 3 spell: Inner Flame
  3450 | D:3      | Noticed a black bear
  3463 | D:3      | Killed a black bear
  3464 | D:3      | Reached skill level 5 in Fire Magic
  3464 | D:3      | Reached XP level 5. HP: 20/38 MP: 3/9
  3981 | D:3      | Noticed Sigmund
  3990 | D:3      | Killed Sigmund
  3991 | D:3      | Reached skill level 6 in Fire Magic
  3991 | D:3      | Reached XP level 6. HP: 22/45 MP: 1/11
  4523 | D:4      | Found a staircase to the Ecumenical Temple.
  5497 | D:5      | Entered Level 5 of the Dungeon
  5521 | D:5      | Your scales start taking on a lurid green colour.
  5521 | D:5      | Reached XP level 7. HP: 22/50 MP: 7/13
  5521 | D:5      | Gained mutation: Your system is resistant to poisons.
                  | (rPois) [Green Draconian growth]
  5711 | D:5      | Reached skill level 7 in Fire Magic
  5759 | D:5      | Found Beonk's Assorted Antiques.
  6240 | D:5      | Reached skill level 5 in Spellcasting
  6410 | D:5      | Reached skill level 8 in Fire Magic
  6426 | D:5      | Reached XP level 8. HP: 16/57 MP: 6/15
  7252 | D:6      | Reached skill level 9 in Fire Magic
  7764 | D:6      | Got the Compendium of the Blaze and the Birds
  8412 | D:6      | Learned a level 2 spell: Poisonous Vapours
  8536 | D:7      | Reached skill level 10 in Fire Magic
  8595 | D:7      | Found Siex Egu's Assorted Antiques.
  8701 | D:7      | Reached XP level 9. HP: 55/62 MP: 18/18
  8840 | D:7      | Found Geam's Armour Emporium.
  9039 | D:7      | Found Odol Sub's Antique Weapon Shoppe.
  9637 | D:8      | Found a shimmering altar of Xom.
  9658 | D:8      | Noticed a two-headed ogre
 10552 | D:8      | Reached skill level 11 in Fire Magic
 10656 | D:8      | Killed a two-headed ogre
 10685 | D:8      | Reached skill level 12 in Fire Magic
 11231 | D:9      | Reached skill level 1 in Poison Magic
 11443 | Temple   | Entered the Ecumenical Temple
 11460 | Temple   | Became a worshipper of Vehumet
 11642 | D:9      | Reached XP level 10. HP: 49/69 MP: 20/22
 12345 | D:9      | Found Xonicw's Fire Supplies.
 12490 | D:9      | Found a staircase to the Lair.
 12505 | D:9      | Mangled by a komodo dragon

Illustrated notes

Levels and vault maps discovered:
D:1:      evilmike_arrival_rings, layout_loops_ring,
          hellmonk_ecumenical_altar_inner_sanctum
D:2:      layout_basic
D:3:      layout_loops_ring, minmay_fractal_squares_gapless_5, uniq_sigmund
D:4:      layout_basic, minmay_temple_entry_crystal_x
D:5:      layout_rooms, serial_shops, shop_statue
D:6:      layout_loops_ring
D:7:      layout_loops_corners, serial_glass, glass_columns_c, glass_columns_c,
          glass_columns_a, glass_columns_a, glass_columns_b, serial_shops,
          nicolae_take_the_stairs, nicolae_diamond_shop, shop,
          kennysheep_generic_room_16
D:8:      layout_cave_pools, mainiacjoe_overflow_alcove_1
D:9:      layout_loops_cross, david_lair_shrubbed, nicolae_shop_fire_sale
          [nicolae_sub_dead_trees]
Temple:   compressed_dpeg_circular_temple

Skill      XL: |  1  2  3  4  5  6  7  8  9 10 |
---------------+-------------------------------+-----
Fire Magic     | 4 5 6 8 10 12 | 12.0
Spellcasting   | 3 4 5 6 8 |  8.3
Poison Magic   | 1 |  1.1
Conjurations   | 2 |  2.9
Dodging        | |  1.7
Stealth        | |  1.7

Action                   |  1- 3 |  4- 6 |  7- 9 | 10-12 || total
-------------------------+-------+-------+-------+-------++-------
Melee: Rapier            |    76 |       |       |       ||    76
       Tailslap          |     9 |     9 |    13 |     3 ||    34
       Short sword       |     9 |    13 |       |       ||    22
       Dagger            |       |    17 |       |       ||    17
       Spear             |       |    58 |   135 |       ||   193
       Punch             |       |     1 |     3 |     1 ||     5
       Trident           |       |       |     1 |    14 ||    15
 Cast: Foxfire           |    25 |    19 |    70 |    17 ||   131
       Scorch            |     8 |    22 |    93 |     7 ||   130
       Inner Flame       |       |       |     4 |     4 ||     8
       Poisonous Vapours |       |       |     3 |     2 ||     5
  Use: Scroll            |     1 |     3 |     8 |       ||    12
 Stab: Sleeping          |     3 |     4 |     2 |       ||     9
Armor: Skin              |    24 |    37 |    70 |     6 ||   137
Dodge: Dodged            |    57 |    58 |   124 |    12 ||   251
